 Dungeon Crawl Stone Soup version 0.31.0-9-g3a7656b989 (webtiles) character file.

Game seed: 16700891550234735202

9375 qw the Nimble (level 11, -7/55 HPs)
             Began as a Spriggan Hunter on Feb 2, 2024.
             Was a Priest of Okawaru.
             Mangled by a yak (17 damage)
             ... on level 9 of the Dungeon.
             The game lasted 00:00:40 (7883 turns).

qw the Nimble (Spriggan Hunter)                     Turns: 7883, Time: 00:00:41

Health: -7/55      AC:  3    Str:  7    XL:     11   Next: 22%
Magic:  15/15      EV: 30    Int: 12    God:    Okawaru [***...]
Gold:   420        SH:  5    Dex: 22    Spells: 10/10 levels left

rFire   . . .        t - +0 orcbow
rCold   . . .        (shield currently unavailable)
rNeg    . . .        c - +0 robe
rPois   +            (helmet restricted)
rElec   .            g - +0 cloak
rCorr   .            (gloves unavailable)
SInv    +            (boots unavailable)
Will    +....        j - amulet of reflection
Stlth   ++           a - ring of poison resistance
HPRegen 0.29/turn    (no ring)
MPRegen 0.14/turn

%: reflection
@: very quick
A: very small, no large weapons, unfitting armour, see invisible, speed 3
a: Renounce Religion, Heroism


You were on level 9 of the Dungeon.
You worshipped Okawaru.
Okawaru was most pleased with you.
You visited 2 branches of the dungeon, and saw 10 of its levels.
You also visited: Sewer.

You collected 420 gold pieces.


Innate Abilities, Weirdness & Mutations

You are very small and have problems with some larger weapons.
You are too small for most types of armour.
You have supernaturally acute eyesight. (SInv)
You cover ground extremely quickly. (Speed+++)


   Skills:
 - Level 5.1 Fighting
 + Level 12.9 Ranged Weapons
 - Level 13.4 Dodging
 - Level 1.5 Stealth
 - Level 4.3 Invocations


You had 10 spell levels left.
You didn't know any spells.
Your spell library was empty.

Inventory:

Hand Weapons
 t - a +0 orcbow (weapon)
Armour
 c - a +0 robe (worn)
 g - a +0 cloak (worn)
Jewellery
 a - a ring of poison resistance (left hand)
 d - a ring of ice
 j - an amulet of reflection (around neck)
Wands
 k - a wand of polymorph (13)
 p - a wand of roots (12)
 u - a wand of charming (8)
Potions
 e - 3 potions of enlightenment
 f - a potion of mutation
 h - a potion of might
 i - a potion of heal wounds {unknown}
 l - 3 potions of curing
 m - a potion of attraction {unknown}
 n - a potion of haste {unknown}
 o - a potion of degeneration {unknown}
 q - a potion of berserk rage {unknown}
 r - a potion of resistance {unknown}

Dungeon Overview and Level Annotations

Branches:
Dungeon (9/15)             Temple (1/1) D:5           Sewer (visited)
   Lair: D:8-11         Orc: D:9-12

Altars:
Ashenzari
Cheibriados
Dithmenos
Elyvilon
Fedhas
Gozag
Hepliaklqana
Kikubaaqudgha
Makhleb
Nemelex Xobeh
Okawaru
Qazlal
Ru
Sif Muna
Trog
Uskayaw
Vehumet
Wu Jian
Xom
Yredelemnul
Zin
The Shining One

Shops:
D:2 [

Annotations:
D:2 1 runed translucent door, Crazy Yiuf
D:6 1 runed translucent door, qw's ghost, novice DjHu


Message History

The killer bee completely misses you. x2
You shoot an arrow.
The arrow closely misses the killer bee.
The arrow hits the yak!
The yak is heavily wounded.
The killer bee misses you.
You shoot an arrow. The arrow hits the yak!
The yak is almost dead.
A killer bee comes into view.
The killer bee barely misses you. The killer bee misses you.
You shoot an arrow. The killer bee buzzes angrily.
The arrow hits the yak!
You kill the yak!
Okawaru accepts your kill.
You hear an angry buzzing noise.
The killer bee completely misses you.
A killer bee comes into view.
The killer bee completely misses you.
You hear an angry buzzing noise.
You shoot an arrow. The arrow barely misses the killer bee.
The arrow hits the yak.
The yak is lightly wounded.
The killer bee closely misses you. The killer bee completely misses you.
The yak completely misses you.
You shoot an arrow.
The arrow closely misses the killer bee.
The arrow hits the yak!
The yak is heavily wounded.
You block the killer bee's attack.
You shoot an arrow. The arrow hits the killer bee!
You kill the killer bee!
Okawaru accepts your kill. The yak completely misses you.
You shoot an arrow. The arrow hits the yak!
The yak is severely wounded.
You hear an angry buzzing noise.
A killer bee comes into view.
The yak barely misses you. The yak gores you!
You die...

###########
#@........#
#YY.......+
..yy........#
...y#.(.......#
...y##.......$.#
.Y.. #.........#
... #.........#
.. #######+###


You could see 2 yaks and 4 killer bees.

Vanquished Creatures
  Erica (D:8)
  5 two-headed ogres
  Maurice (D:7)
  A gargoyle (D:6)
  Jeremiah (D:6)
  A kobold demonologist (D:9)
  Prince Ribbit (D:7)
  Sigmund (D:3)
  A wyvern (D:8)
  A wraith (D:6)
  A yak (D:9)
  2 humans (D:7)
  Eustachio (D:5)
  Menkaure (D:7)
  Edmund (D:5)
  A water moccasin (D:5)
  An ice beast (D:5)
  2 sky beasts (D:7)
  2 black bears
  An orc warrior (D:9)
  3 centaurs
  A phantom (D:5)
  A kobold brigand (Sewer)
  3 bullfrogs
  Blork the orc (D:5)
  12 wights
  4 killer bees
  2 bombardier beetles
  4 hounds
  8 orc priests
  2 jellies
  A sleepcap (D:6)
  Natasha (thrice) (D:3)
  6 iguanas
  9 orc wizards
  A gnoll (D:1)
  13 adders
  3 river rats (Sewer)
  A white imp (D:6)
  A dart slug (D:3)
  3 ribbon worms (D:2)
  35 orcs
  6 ball pythons
  3 bats
  6 endoplasms
  3 giant cockroaches
  7 goblins
  5 hobgoblins
  7 jackals
  11 kobolds
  4 quokkas
  2 frilled lizards (D:2)
  6 rats
204 creatures vanquished.

Vanquished Creatures (others)
  A human (D:7)
1 creature vanquished.

Grand Total: 205 creatures vanquished

Notes
Turn   | Place    | Note
-------+----------+-------------------------------------------
     0 | D:1      | qw the Spriggan Hunter began the quest for the Orb.
     0 | D:1      | Reached XP level 1. HP: 10/10 MP: 2/2
     0 | D:1      | 0 ||| qw: Version: 0.3-a-155-g5e7d8dd
     0 | D:1      | 0 ||| qw: Game counter: 423
     0 | D:1      | 0 ||| qw: Melee chars always use a shield: true
     0 | D:1      | 0 ||| qw: God list: Okawaru
     0 | D:1      | 0 ||| qw: Allow faded altars: false
     0 | D:1      | 0 ||| qw: Do Orc after clearing Dungeon:15 true
     0 | D:1      | 0 ||| qw: Do second Lair branch before Depths: true
     0 | D:1      | 0 ||| qw: Lair rune preference: random
     0 | D:1      | 0 ||| qw: Goals: Normal
     0 | D:1      | 0 ||| PLANNING D:1-11
    54 | D:1      | Reached skill level 3 in Dodging
   145 | D:1      | HP: 1/10 [gnoll/+0 spear (5)]
   149 | D:1      | Reached skill level 4 in Dodging
   149 | D:1      | Reached XP level 2. HP: 3/14 MP: 3/3
   738 | D:1      | 738 ||| READING scroll labelled UNUOXK PILAPA.
   739 | D:1      | 739 ||| READING scroll labelled ICSEBE RAEREU.
   739 | D:1      | 739 ||| IDENTIFYING golden potion
   740 | D:1      | 740 ||| DROPPING scroll of butterflies.
   741 | D:1      | 741 ||| DROPPING potion of lignification.
   784 | D:2      | Found Femu's Antique Armour Shop.
   793 | D:2      | 793 ||| SHOPLISTING scorched robe (136 gold, have 20).
   842 | D:2      | Found a bloodstained altar of Trog.
   854 | D:2      | Reached XP level 3. HP: 17/18 MP: 4/4
  1115 | D:2      | Reached XP level 4. HP: 22/22 MP: 5/5
  1225 | D:2      | Found a faded altar of an unknown god.
  1359 | D:2      | Found a runed translucent door.
  1360 | D:2      | Noticed Crazy Yiuf
  1715 | D:2      | 1715 ||| READING scroll labelled XUGOAFOSEI.
  1715 | D:2      | 1715 ||| BRANDING +0 shortbow.
  1716 | D:2      | 1716 ||| READING scroll labelled ZEISEI MIYPS.
  1716 | D:2      | 1716 ||| ENCHANTING +0 shortbow of flaming.
  1764 | D:3      | Reached skill level 5 in Dodging
  1831 | D:3      | Noticed Sigmund
  1835 | D:3      | 1835 ||| RETREEEEATING.
  1837 | D:3      | HP: 5/23 [Sigmund/+0 scythe (10)]
  1838 | D:3      | 1838 ||| RETREEEEATING.
  1846 | D:3      | HP: 3/23 [Sigmund/magic dart (4)]
  1848 | D:3      | Killed Sigmund
  1849 | D:3      | Reached skill level 6 in Ranged Weapons
  1849 | D:3      | Reached XP level 5. HP: 4/26 MP: 6/6
  1849 | D:3      | Reached XP level 6. HP: 5/30 MP: 7/7
  1856 | D:3      | HP: 5/30 [orc priest/+0 dagger (2)]
  2039 | D:3      | Noticed Natasha
  2042 | D:3      | Killed Natasha
  2048 | D:3      | Noticed Natasha
  2050 | D:3      | Reached skill level 6 in Dodging
  2052 | D:3      | 2052 ||| ZAPPING wand of acid (8) at -2,3 (Natasha; floor).
  2052 | D:3      | Killed Natasha
  2053 | D:3      | 2053 ||| FLEEEEING.
  2054 | D:3      | 2054 ||| FLEEEEING.
  2055 | D:3      | 2055 ||| FLEEEEING.
  2056 | D:3      | 2056 ||| FLEEEEING.
  2057 | D:3      | 2057 ||| FLEEEEING.
  2058 | D:3      | 2058 ||| FLEEEEING.
  2059 | D:3      | 2059 ||| FLEEEEING.
  2060 | D:3      | 2060 ||| FLEEEEING.
  2061 | D:3      | 2061 ||| FLEEEEING.
  2062 | D:3      | 2062 ||| FLEEEEING.
  2063 | D:3      | 2063 ||| FLEEEEING.
  2064 | D:3      | 2064 ||| FLEEEEING.
  2065 | D:3      | 2065 ||| FLEEEEING.
  2066 | D:3      | 2066 ||| FLEEEEING.
  2099 | D:3      | Noticed Natasha
  2101 | D:3      | 2101 ||| FLEEEEING.
  2102 | D:3      | 2102 ||| FLEEEEING.
  2103 | D:3      | 2103 ||| FLEEEEING.
  2104 | D:3      | 2104 ||| FLEEEEING.
  2105 | D:3      | 2105 ||| FLEEEEING.
  2107 | D:3      | 2107 ||| FLEEEEING.
  2108 | D:3      | 2108 ||| FLEEEEING.
  2109 | D:3      | 2109 ||| STAIRDANCE
  2181 | D:2      | 2181 ||| READING scroll of identify.
  2181 | D:2      | 2181 ||| IDENTIFYING amethyst potion
  2309 | D:3      | Killed Natasha
  2439 | D:3      | 2439 ||| UPGRADING to amulet of reflection.
  2473 | D:4      | 2473 ||| PLANNING SEWER
  2507 | D:4      | 2507 ||| READING scroll of enchant weapon.
  2507 | D:4      | 2507 ||| ENCHANTING +1 shortbow of flaming.
  2700 | D:4      | Found a sacrificial altar of Ru.
  2724 | D:4      | Reached XP level 7. HP: 35/35 MP: 8/8
  2777 | D:4      | Reached skill level 7 in Dodging
  2805 | D:4      | Found a glowing drain.
  2806 | D:4      | 2806 ||| READING scroll labelled HOMANEZAES.
  2809 | D:4      | 2809 ||| READING scroll labelled GIEDEN WOUKUDA.
  2876 | Sewer    | Entered a sewer
  3043 | Sewer    | Found a glowing silver altar of Zin.
  3086 | D:4      | 3086 ||| PLANNING D:1-11
  3274 | D:5      | Entered Level 5 of the Dungeon
  3298 | D:5      | Found a staircase to the Ecumenical Temple.
  3299 | D:5      | 3299 ||| PLANNING TEMPLE
  3349 | Temple   | Entered the Ecumenical Temple
  3350 | Temple   | 3350 ||| PLANNING D:1-11
  3451 | D:5      | Reached skill level 3 in Fighting
  3451 | D:5      | Reached XP level 8. HP: 40/40 MP: 9/9
  3466 | D:5      | 3466 ||| FLEEEEING.
  3467 | D:5      | 3467 ||| FLEEEEING.
  3468 | D:5      | 3468 ||| FLEEEEING.
  3469 | D:5      | 3469 ||| FLEEEEING.
  3471 | D:5      | 3471 ||| FLEEEEING.
  3472 | D:5      | 3472 ||| FLEEEEING.
  3474 | D:5      | 3474 ||| FLEEEEING.
  3475 | D:5      | 3475 ||| FLEEEEING.
  3476 | D:5      | 3476 ||| FLEEEEING.
  3478 | D:5      | 3478 ||| FLEEEEING.
  3484 | D:5      | 3484 ||| FLEEEEING.
  3485 | D:5      | 3485 ||| FLEEEEING.
  3486 | D:5      | 3486 ||| FLEEEEING.
  3487 | D:5      | 3487 ||| FLEEEEING.
  3488 | D:5      | 3488 ||| FLEEEEING.
  3489 | D:5      | 3489 ||| FLEEEEING.
  3490 | D:5      | 3490 ||| FLEEEEING.
  3491 | D:5      | 3491 ||| FLEEEEING.
  3492 | D:5      | 3492 ||| FLEEEEING.
  3493 | D:5      | 3493 ||| FLEEEEING.
  3494 | D:5      | 3494 ||| FLEEEEING.
  3495 | D:5      | 3495 ||| FLEEEEING.
  3496 | D:5      | 3496 ||| FLEEEEING.
  3497 | D:5      | 3497 ||| FLEEEEING.
  3499 | D:5      | 3499 ||| FLEEEEING.
  3500 | D:5      | 3500 ||| FLEEEEING.
  3501 | D:5      | 3501 ||| FLEEEEING.
  3503 | D:5      | 3503 ||| FLEEEEING.
  3504 | D:5      | 3504 ||| FLEEEEING.
  3511 | D:5      | 3511 ||| FLEEEEING.
  3512 | D:5      | 3512 ||| FLEEEEING.
  3513 | D:5      | 3513 ||| FLEEEEING.
  3515 | D:5      | 3515 ||| FLEEEEING.
  3586 | D:5      | Noticed Edmund
  3593 | D:5      | Noticed Blork the orc
  3598 | D:5      | Killed Edmund
  3599 | D:5      | Reached skill level 8 in Dodging
  3609 | D:5      | Killed Blork the orc
  4460 | D:5      | Noticed Eustachio
  4470 | D:5      | HP: 10/40 [quokka[Eustachio] (4)]
  4471 | D:5      | 4471 ||| READING 2 scrolls of teleportation.
  4473 | D:5      | Killed Eustachio
  4474 | D:5      | Reached skill level 9 in Ranged Weapons
  4763 | D:5      | 4763 ||| READING 2 scrolls of identify.
  4763 | D:5      | 4763 ||| IDENTIFYING clear potion
  4764 | D:5      | 4764 ||| READING scroll of identify.
  4764 | D:5      | 4764 ||| IDENTIFYING black potion
  4765 | D:5      | 4765 ||| READING scroll labelled ELOATSAS WIMU.
  4766 | D:5      | 4766 ||| DROPPING potion of ambrosia.
  4768 | D:5      | 4768 ||| Stepping ~*~*~tactically~*~*~ (cloud).
  4938 | D:6      | Noticed Jeremiah
  4943 | D:6      | 4943 ||| ZAPPING wand of acid (9) at 5,-5 (Jeremiah;
                  | floor).
  4944 | D:6      | 4944 ||| ZAPPING wand of acid (8) at 5,-4 (Jeremiah;
                  | floor).
  4945 | D:6      | 4945 ||| ZAPPING wand of acid (7) at 5,-3 (Jeremiah;
                  | floor).
  4946 | D:6      | 4946 ||| ZAPPING wand of acid (6) at 4,-2 (Jeremiah;
                  | floor).
  4947 | D:6      | 4947 ||| ZAPPING wand of acid (5) at 4,-2 (Jeremiah;
                  | floor).
  4947 | D:6      | Killed Jeremiah
  4948 | D:6      | Reached skill level 10 in Dodging
  5062 | D:6      | Found a runed translucent door.
  5063 | D:6      | Noticed a boulder beetle
  5063 | D:6      | Noticed qw's ghost (novice DjHu)
  5142 | D:6      | Reached XP level 9. HP: 36/44 MP: 10/10
  5219 | D:6      | Noticed a two-headed ogre
  5220 | D:6      | 5220 ||| ZAPPING wand of acid (4) at -2,4 (two-headed ogre;
                  | floor).
  5221 | D:6      | 5221 ||| ZAPPING wand of acid (3) at -1,3 (two-headed ogre;
                  | floor).
  5222 | D:6      | 5222 ||| ZAPPING wand of acid (2) at 0,2 (two-headed ogre;
                  | floor).
  5223 | D:6      | 5223 ||| ZAPPING wand of acid (1) at 0,1 (two-headed ogre;
                  | floor).
  5226 | D:6      | Killed a two-headed ogre
  5348 | D:6      | Noticed a gargoyle
  5359 | D:6      | Killed a gargoyle
  5433 | D:6      | Noticed a two-headed ogre
  5440 | D:6      | HP: 10/46 [two-headed ogre/+0 giant club (2)]
  5441 | D:6      | 5441 ||| READING scroll of teleportation.
  5444 | D:6      | Killed a two-headed ogre
  5445 | D:6      | Reached skill level 12 in Dodging
  5629 | D:6      | Found a shimmering blue altar of Sif Muna.
  5652 | D:6      | 5652 ||| FLEEEEING.
  5653 | D:6      | 5653 ||| FLEEEEING.
  5849 | D:6      | 5849 ||| READING scroll labelled FEME VOLEUJE.
  5950 | D:6      | 5950 ||| READING 2 scrolls labelled GUWKEKUXTE.
  6051 | D:6      | 6051 ||| READING 2 scrolls labelled KONOIWN RUALL.
  6052 | D:6      | 6052 ||| DROPPING scroll of silence.
  6053 | D:6      | 6053 ||| DROPPING scroll of amnesia.
  6110 | D:7      | Noticed Maurice
  6119 | D:7      | Killed Maurice
  6120 | D:7      | Reached XP level 10. HP: 49/51 MP: 7/11
  6185 | D:7      | Noticed Menkaure
  6196 | D:7      | Killed Menkaure
  6275 | D:7      | Found a glowing silver altar of Zin.
  6277 | D:7      | Found a burning altar of Makhleb.
  6281 | D:7      | Found a blossoming altar of Fedhas.
  6319 | D:7      | 6319 ||| SWAPPING to +0 orcbow.
  6320 | D:7      | 6320 ||| DROPPING +2 shortbow of flaming.
  6410 | D:7      | Found an iron altar of Okawaru.
  6411 | D:7      | 6411 ||| PLANNING OKAWARU WORSHIP
  6411 | D:7      | 6411 ||| UPGRADING to +0 cloak.
  6416 | D:7      | 6416 ||| DROPPING amulet of guardian spirit.
  6417 | D:7      | 6417 ||| READING scroll labelled MAYBRU FILU.
  6418 | D:7      | 6418 ||| READING scroll labelled BUACHE AXIHABY.
  6542 | D:7      | Became a worshipper of Warmaster Okawaru
  6543 | D:7      | 6543 ||| PLANNING D:1-11
  6686 | D:7      | Reached skill level 12 in Ranged Weapons
  6820 | D:7      | Noticed Prince Ribbit
  6835 | D:7      | Killed Prince Ribbit
  6924 | D:7      | Found an ancient bone altar of Kikubaaqudgha.
  7188 | D:8      | Noticed a two-headed ogre
  7189 | D:8      | 7189 ||| RETREEEEATING.
  7195 | D:8      | 7195 ||| ZAPPING wand of acid (3) at 5,-3 (two-headed ogre;
                  | floor).
  7196 | D:8      | 7196 ||| ZAPPING wand of acid (2) at 4,-3 (two-headed ogre;
                  | floor).
  7199 | D:8      | 7199 ||| ZAPPING wand of acid (1) at 2,-1 (two-headed ogre;
                  | floor).
  7201 | D:8      | Killed a two-headed ogre
  7201 | D:8      | Reached * piety under Okawaru
  7202 | D:8      | Reached skill level 13 in Dodging
  7251 | D:8      | Noticed Erica
  7252 | D:8      | 7252 ||| INVOKING Heroism.
  7256 | D:8      | Killed Erica
  7256 | D:8      | Reached ** piety under Okawaru
  7452 | D:8      | Noticed a two-headed ogre
  7453 | D:8      | 7453 ||| INVOKING Heroism.
  7464 | D:8      | Killed a two-headed ogre
  7465 | D:8      | Reached skill level 3 in Invocations
  7465 | D:8      | Reached XP level 11. HP: 42/55 MP: 11/14
  7714 | D:8      | 7714 ||| UPGRADING to ring of poison resistance.
  7715 | D:8      | 7715 ||| READING scroll of identify.
  7715 | D:8      | 7715 ||| IDENTIFYING yellow potion
  7819 | D:9      | 7819 ||| RETREEEEATING.
  7820 | D:9      | 7820 ||| RETREEEEATING.
  7821 | D:9      | 7821 ||| RETREEEEATING.
  7822 | D:9      | 7822 ||| RETREEEEATING.
  7838 | D:9      | Noticed a soul eater
  7846 | D:9      | Noticed a two-headed ogre
  7847 | D:9      | 7847 ||| INVOKING Heroism.
  7858 | D:9      | Killed a two-headed ogre
  7865 | D:9      | HP: 11/55 [orc priest/divine providence (9)]
  7866 | D:9      | 7866 ||| READING scroll of teleportation.
  7868 | D:9      | Reached *** piety under Okawaru
  7871 | D:9      | 7871 ||| RETREEEEATING.
  7872 | D:9      | 7872 ||| RETREEEEATING.
  7874 | D:9      | HP: 8/55 [killer bee (5)]
  7883 | D:9      | Mangled by a yak

Levels and vault maps discovered:
D:1:      minmay_arrival_cross, layout_basic, palyth_stone_intersect
D:2:      layout_loops_ring, hellmonk_ecumenical_altar_zigzags, basic_altar,
          serial_shops, nicolae_shop_overgrown_old_shop, uniq_crazy_yiuf_cottage
D:3:      layout_rooms, uniq_natasha, uniq_sigmund
D:4:      layout_rooms, nicolae_ru_the_path_less_chosen, gup_sewer_entry_bubbles
D:5:      layout_basic, minmay_temple_entry_junction_2, minivault_1,
          minmay_misc_feat_enclosed, uniq_eustachio, uniq_blork_the_orc,
          uniq_edmund
D:6:      layout_basic, kennysheep_mini, ebering_ghost_inner_flame,
          grunt_decor_one_mirror, kb_rosetta, uniq_jeremiah
D:7:      layout_loops_ring, okawaru_humans,
          gammafunk_temple_overflow_forgotten, tgw_kikubaaqudgha,
          uniq_prince_ribbit1, uniq_maurice, uniq_menkaure
D:8:      layout_basic, serial_glass, glass_columns_a, glass_columns_a,
          glass_columns_a, glass_columns_c, glass_columns_a, glass_columns_a,
          item_on_display_a, feat_on_display, due_unseen_surprise, uniq_erica
D:9:      layout_roguey, minmay_holes
Temple:   regret_index_temple_waves

Skill      XL: |  1  2  3  4  5  6  7  8  9 10 11 |
---------------+----------------------------------+-----
Dodging        | 4 5 6 7 10 12 13 | 13.4
Ranged Weapons | 5 6 7 8 9 11 12 | 12.9
Fighting       | 2 3 4 5 |  5.1
Invocations    | 3 4 |  4.3
Stealth        | |  1.5

Action                     |  1- 3 |  4- 6 |  7- 9 | 10-12 || total
---------------------------+-------+-------+-------+-------++-------
   Fire: Shortbow          |    72 |   120 |   291 |    33 ||   516
         Orcbow            |       |       |       |   224 ||   224
 Invoke: Heroism           |       |       |       |     3 ||     3
  Evoke: Wand              |       |     1 |     9 |     3 ||    13
    Use: Scroll            |     2 |     4 |    10 |     4 ||    20
 Armour: Robe              |     3 |    10 |    36 |    27 ||    76
  Dodge: Dodged            |    11 |    28 |    81 |    91 ||   211
  Block: Other             |       |       |    23 |    23 ||    46
         Reflection        |       |       |     4 |     1 ||     5

Table legend:
 A = Non-vault XP
 B = Vault XP
 C = Vault XP percentage of total XP
 D = Non-vault monster count
 E = Vault monster count
 F = Vault count percentage of total count
                 A         B        C        D         E       F
            +---------+---------+-------+---------+---------+-------
      Total |    7677 |    5716 |  42.7 |     168 |      36 |  17.6
            +---------+---------+-------+---------+---------+-------
        D:1 |      38 |       0 |   0.0 |      13 |       0 |   0.0
        D:2 |      97 |       0 |   0.0 |      19 |       0 |   0.0
        D:3 |     196 |     262 |  57.2 |      25 |       2 |   7.4
        D:4 |     289 |      22 |   7.1 |      13 |       7 |  35.0
        D:5 |     729 |     439 |  37.6 |      25 |       3 |  10.7
        D:6 |     523 |    2659 |  83.6 |      19 |       5 |  20.8
        D:7 |    1070 |    1352 |  55.8 |      15 |       5 |  25.0
        D:8 |    2949 |     834 |  22.0 |      22 |       1 |   4.3
        D:9 |    1786 |       0 |   0.0 |      17 |       0 |   0.0
      Sewer |       0 |     148 | 100.0 |       0 |      13 | 100.0
            +---------+---------+-------+---------+---------+-------
